 Dungeon Crawl Stone Soup version 0.25-a0-729-g14964f1db5 (webtiles) character file.

Game seed: 10698561286165533760, levelgen mode: deterministic

354179 pljop the Demonic Blade (level 21, -3/181 HPs)
             Began as a Demonspawn Gladiator on Apr 6, 2020.
             Was the Champion of Hepliaklqana.
             Killed from afar by a hellephant (38 damage)
             ... with a blast of flame
             ... on level 4 of the Abyss on Apr 7, 2020.
             The game lasted 04:14:49 (65946 turns).

pljop the Demonic Blade (Demonspawn Gladiator)     Turns: 65946, Time: 04:14:50

Health: -3/181     AC: 39    Str: 29    XL:     21   Next: 35%
Magic:  0/25       EV: 11    Int: 13    God:    Hepliaklqana [******]
Gold:   5935       SH:  0    Dex: 15    Spells: 20/20 levels left

rFire    + . .     SeeInvis +   a - +0 triple sword (vorpal)
rCold    + + .     Gourm    .   (shield currently unavailable)
rNeg     + . .     Faith    .   x - +12 gold dragon scales
rPois    +         Spirit   .   c - +1 hat {SInv}
rElec    +         Reflect  .   E - scarf {repulsion}
rCorr    .         Harm     .   Y - +2 pair of gloves
MR       +....                  (boots unavailable)
Stlth    ..........             V - amulet of the Heavens {Acrobat rElec Str+2 SInv}
HPRegen  0.40/turn              L - ring of Uffaorax {rN+ Str+6 Stlth+}
MPRegen  0.19/turn              R - +3 ring of evasion

@: repel missiles
A: reduced essence, hooves 3, icy blue scales 2, cold resistance 1, demonic
guardian 3, robust 2, freezing cloud immunity
}: 2/15 runes: serpentine, barnacled
a: Recall Ancestor, Ancestor Identity, Transference, Idealise, Renounce Religion


You were on level 4 of the Abyss.
You worshipped Hepliaklqana.
Hepliaklqana was exalted by your worship.
You were hungry.

You visited 9 branches of the dungeon, and saw 39 of its levels.
You visited the Abyss 1 time.
You visited 1 bazaar.

You collected 6512 gold pieces.
You spent 577 gold pieces at shops.

Inventory:

Hand Weapons
 a - a +0 vorpal triple sword (weapon)
 g - a +0 arbalest
 P - a +1 great sword of flaming
Missiles
 k - 819 bolts
Armour
 c - a +1 hat of see invisible (worn)
 x - +12 gold dragon scales (worn)
 E - a scarf of repulsion (worn)
 Y - a +2 pair of gloves (worn)
Jewellery
 b - an uncursed ring of protection from cold
 d - the ring of Ycseakos {rN+ Dex+4}
   (You found it on level 3 of the Crypt)

   [ring of positive energy]

   It affects your dexterity (+4).
   It protects you from negative energy.
 e - an uncursed ring of protection from magic
 u - the ring "Weitramm" {+Fly rF+ Int+2}
   (You found it on level 3 of the Crypt)

   [ring of flight]

   It affects your intelligence (+2).
   It protects you from fire.
   It lets you fly.
 I - an uncursed ring of protection from fire
 L - the ring of Uffaorax (left hand) {rN+ Str+6 Stlth+}
   (You found it on level 3 of the Crypt)

   [ring of positive energy]

   It affects your strength (+6).
   It protects you from negative energy.
   It makes you more stealthy.
 R - a +3 ring of evasion (right hand)
 V - the amulet of the Heavens (around neck) {Acrobat rElec Str+2 SInv}
   (You found it on level 10 of the Dungeon)

   [amulet of the acrobat]

   It helps you evade while moving and waiting.
   It affects your strength (+2).
   It insulates you from electricity.
   It lets you see invisible.
 W - an uncursed ring of flight
 X - an uncursed ring of see invisible
Wands
 l - a wand of scattershot (7)
 r - a wand of polymorph (37)
 s - a wand of iceblast (34)
 t - a wand of acid (8)
 C - a wand of flame (67)
 G - a wand of enslavement (9)
 H - a wand of disintegration (17)
 T - a wand of paralysis (1)
 U - a wand of digging (10)
Scrolls
 h - 7 scrolls of fear
 i - a scroll of amnesia
 m - 4 scrolls of blinking
 n - 25 scrolls of remove curse
 v - 15 scrolls of teleportation
 y - 3 scrolls of immolation
 B - 2 scrolls of brand weapon
 D - 2 scrolls of fog
 J - 6 scrolls of identify
 Q - 7 scrolls of magic mapping
 Z - 2 scrolls of silence
Potions
 j - 6 potions of resistance
 o - a potion of stabbing
 p - 3 potions of ambrosia
 q - a potion of berserk rage
 w - a potion of invisibility {unknown}
 z - 7 potions of flight
 A - a potion of might
 F - 7 potions of curing
 K - 4 potions of haste
 M - 10 potions of lignification
 N - 3 potions of mutation
 O - 3 potions of heal wounds
 S - 2 potions of cancellation
Comestibles
 f - 54 rations


   Skills:
 - Level 14.0 Fighting
 + Level 26.3 Long Blades
 - Level 12.0 Crossbows
 - Level 1.7 Throwing
 - Level 14.0 Armour
 - Level 4.0 Dodging
 - Level 6.0 Invocations


You had 20 spell levels left.
You didn't know any spells.
Your spell library contained the following spells:

 Spells                   Type           Power        Failure   Level  Hunger
 Foxfire                  Conj/Fire      #...         99%         1    ##.....
 Magic Dart               Conj           #...         99%         1    ##.....
 Sandblast                Erth           #.....       99%         1    ##.....
 Summon Butterflies       Summ           #.......     99%         1    ##.....
 Blink                    Tloc           N/A          100%        2    ###....
 Call Imp                 Summ           #.......     100%        2    ###....
 Passwall                 Tmut/Erth      #.......     100%        2    ###....
 Poisonous Vapours        Pois/Air       #.....       100%        2    ###....
 Shroud of Golubria       Chrm/Tloc      #.....       100%        2    ###....
 Slow                     Hex            #.......     100%        2    ###....
 Call Canine Familiar     Summ           #.......     100%        3    ####...
 Confusing Touch          Hex            #.......     100%        3    ####...
 Conjure Flame            Conj/Fire      #.......     100%        3    ####...
 Gell's Gravitas          Tloc           #.........   100%        3    ####...
 Inner Flame              Hex/Fire       #.......     100%        3    ####...
 Lesser Beckoning         Tloc           #.........   100%        3    ####...
 Mephitic Cloud           Conj/Pois/Air  #.......     100%        3    ####...
 Stone Arrow              Conj/Erth      #.....       100%        3    ####...
 Teleport Other           Tloc           #.......     100%        3    ####...
 Cause Fear               Hex            #.........   100%        4    #####..
 Leda's Liquefaction      Hex/Erth       #.........   100%        4    #####..
 Passage of Golubria      Tloc           N/A          100%        4    #####..
 Petrify                  Tmut/Erth      #.......     100%        4    #####..
 Sticky Flame             Conj/Fire      #.......     100%        4    #####..
 Summon Ice Beast         Ice/Summ       #.......     100%        4    #####..
 Bolt of Magma            Conj/Fire/Erth #.........   100%        5    ######.
 Fireball                 Conj/Fire      #.........   100%        5    ######.
 Irradiate                Conj/Tmut      #.........   100%        5    ######.
 Iskenderun's Battlesphe  Conj/Chrm      #.......     100%        5    ######.
 Lee's Rapid Deconstruct  Erth           #.........   100%        5    ######.
 Metabolic Englaciation   Hex/Ice        #.........   100%        5    ######.
 Summon Mana Viper        Hex/Summ       #.......     100%        5    ######.
 Yara's Violent Unravell  Hex/Tmut       #.........   100%        5    ######.
 Deflect Missiles         Chrm/Air       #.........   100%        6    #######
 Freezing Cloud           Conj/Ice/Air   #.........   100%        6    #######
 Hydra Form               Tmut           #.........   100%        6    #######
 Iron Shot                Conj/Erth      #.........   100%        6    #######
 Statue Form              Tmut/Erth      #........    100%        6    #######
 Dragon Form              Tmut           #.........   100%        7    #######
 Orb of Destruction       Conj           #.........   100%        7    #######
 Ring of Flames           Chrm/Fire      #.........   100%        7    #######
 Spellforged Servitor     Conj/Summ      #.........   100%        7    #######
 Summon Hydra             Summ           #.........   100%        7    #######
 Dragon's Call            Summ           #.........   100%        9    #######
 Shatter                  Erth           #.........   100%        9    #######


Dungeon Overview and Level Annotations

Branches:
Dungeon (15/15)            Temple (1/1) D:7            Lair (6/6) D:10
 Shoals (4/4) Lair:2        Snake (4/4) Lair:2        Slime (0/5) Lair:5
    Orc (2/2) D:10            Elf (0/3) Orc:2        Vaults (3/5) D:14
  Crypt (3/3) Vaults:3       Tomb (0/3) Crypt:3      Depths (1/5) D:15

Altars:
Ashenzari
Cheibriados
Dithmenos
Elyvilon
Fedhas
Gozag
Hepliaklqana
Kikubaaqudgha
Makhleb
Nemelex Xobeh
Okawaru
Qazlal
Ru
Sif Muna
Trog
Uskayaw
Vehumet
Wu Jian
Xom
Yredelemnul
Zin
The Shining One
Beogh
Jiyva

Shops:
D:8 [*   D:11 =   Orc:2 }[=*(   Shoals:3 (   Snake:4 }}=   Vaults:3 }*
Depths:1 [*=*

Annotations:
D:5 Ijyb
D:12 1 runed translucent door
Lair:5 1 runed translucent door
Shoals:4 1 runed translucent door
Snake:2 1 runed translucent door, Gygeysk's ghost, adept GnTm
Vaults:2 36 runed doors, Lofupn's ghost, adept SpEn


Innate Abilities, Weirdness & Mutations

You have hooves in place of feet.
You are mostly covered in icy blue scales. (AC +3)
Your flesh is cold resistant. (rC+)
A powerful demonic guardian rushes to your aid.
You are very robust. (+20% HP)
You are immune to freezing clouds.
Your life essence is reduced to manifest your ancestor. (-10% HP)


Message History

The necromancer hits Sagil-Zimu with a +2 dagger of draining.
The hell knight hits you but does no damage.
There is a gateway leading deeper into the Abyss here.
Things that are here:
4 chunks of flesh; a raiju skeleton Unknown command.
You slice the hell knight like a ripe choko!!!
Your kick misses the hell knight.
The hell knight is severely wounded.
Sagil-Zimu hits the hell knight with a +0 lajatang of freezing!!
Sagil-Zimu freezes the hell knight.
The hell knight hits you with a +4 broad axe!
* * * LOW HITPOINT WARNING * * *
The hell knight hits Sagil-Zimu with a +4 broad axe!
The necromancer hits Sagil-Zimu but does no damage.
The hell knight hits you but does no damage.
The hellephant breathes flames at you.
The blast of flame hits the hell knight.
The hell knight completely resists.
The blast of flame hits you!!! You resist.
You die...

#.... #.. #.#
.....# ..## #...
##.....#.. #....
...... ÷.. ...#..
. .*..#.##.#
..#... # .
#.....†.##..%...
#
#..G†.2.#pY....#
.....###1Rp#.....
#### #.@p†..... .
. #.#.......
..#........ #.#.
.#..#... #. ..
#..#.... # ...
....... #...
.#....# ## .. .#


You could see the friendly Sagil-Zimu the battlemage, a hellephant, 2 hell
knights, a necromancer, a friendly reaper and a friendly Executioner.

Vanquished Creatures
  Khufu (Crypt:3)
  An ancient lich (Crypt:3)
  Frederick (Crypt:2)
  Saint Roka (Orc:2)
  A bone dragon (Vaults:3)
  A lich (Crypt:3)
  Rupert (D:15)
  2 Executioners
  An ancient champion (Crypt:2)
  A tentacled starspawn (Abyss:3)
  2 tengu reavers
  2 nagarajas
  A daeva (Abyss:3)
  A fire giant (Vaults:1)
  5 vault wardens
  A curse skull (Crypt:3)
  An orc warlord (D:10)
  6 ghouls
  3 war gargoyles (Crypt:3)
  4 very ugly things
  7 ironheart preservers
  3 stone giants
  An entropy weaver (Vaults:1)
  4 vampire knights
  A deep elf annihilator (Vaults:2)
  A deep elf demonologist (Vaults:1)
  A crystal guardian (Vaults:3)
  2 merfolk impalers
  A deep elf death mage (Crypt:2)
  A merfolk javelineer (Shoals:3)
  2 yaktaur captains
  6 jiangshi
  2 great orbs of eyes
  3 ogre magi (Vaults:3)
  2 rakshasas
  8 naga warriors
  7 anacondas
  6 centaur warriors
  A hydra (Lair:3)
  2 ice dragons
  13 two-headed ogres
  4 merfolk aquamancers
  An alligator snapping turtle (Shoals:4)
  A queen ant (Lair:3)
  A satyr (Shoals:3)
  2 vampire magi (Crypt:2)
  11 hell knights
  Sonja (Lair:6)
  5 thrashing horrors
  3 shock serpents
  A soul eater (Crypt:2)
  7 naga sharpshooters
  2 salamander mystics
  A spatial maelstrom (Abyss:4)
  5 sea snakes
  2 wretched stars
  9 skeletal warriors
  4 flayed ghosts
  4 unseen horrors
  2 wizards
  A shadow demon (Abyss:3)
  2 naga ritualists (Snake:4)
  10 phantasmal warriors
  3 glowing orange brains
  A deep elf archer (Vaults:2)
  2 harpies
  4 orc sorcerers
  3 harpies (shapeshifter)
  12 ironbrand convokers
  6 orc knights
  16 ugly things
  2 deep elf magi
  5 salamanders
  A fire giant zombie (Abyss:3)
  6 mana vipers
  A salamander (shapeshifter) (Vaults:2)
  3 wolf spiders
  4 cyclopes
  5 manticores
  7 fauns
  Maurice (Orc:2)
  6 elephants
  3 merfolk sirens
  14 naga magi
  4 vault sentinels
  2 water nymphs
  16 black mambas
  5 smoke demons
  4 gargoyles
  7 spiny frogs
  A hellion (Abyss:4)
  A dire elephant skeleton (Crypt:3)
  3 freezing wraiths
  14 yaktaurs
  3 komodo dragons
  3 hellwings
  2 red devils (Crypt:3)
  A guardian mummy (Crypt:3)
  A purple draconian skeleton (Crypt:2)
  A queen bee (Lair:3)
  A jumping spider (Vaults:1)
  A sea snake skeleton (Crypt:1)
  5 ancient zymes
  14 merfolk
  6 trolls
  A wind drake (shapeshifter) (Vaults:1)
  3 hornets
  7 polar bears (Lair:6)
  A wind drake (Shoals:2)
  9 raiju
  A hydra skeleton (Crypt:3)
  3 dream sheep
  9 blink frogs
  6 hippogriffs
  10 slime creatures
  A satyr zombie (Crypt:2)
  5 snapping turtles
  An ettin skeleton (Crypt:3)
  2 shadows
  9 spriggans (Lair:6)
  A tarantella (Vaults:1)
  2 ynoxinuls (Abyss:3)
  An ushabti (Crypt:3)
  11 water elementals
  A vampire (D:13)
  16 yaks
  5 wyverns
  A fire dragon skeleton (Crypt:2)
  7 wraiths
  2 basilisks
  Eustachio (D:5)
  3 small abominations
  5 large abominations (Abyss:4)
  A chaos spawn (Abyss:3)
  4 vampire mosquitoes
  4 hungry ghosts
  A neqoxec (Abyss:3)
  A steam dragon (Lair:3)
  33 nagas
  3 soldier ants (Lair:3)
  A spatial vortex (Abyss:4)
  2 wargs
  An acid dragon (Vaults:2)
  3 water moccasins
  6 porcupines
  An ettin simulacrum (Vaults:3)
  22 orc warriors
  2 phantoms
  10 starcursed masses
  A hornet zombie (D:8)
  An ice beast (D:8)
  4 sky beasts
  17 wolves (Lair:6)
  4 necrophages
  21 ogres
  7 centaurs
  A snapping turtle skeleton (Crypt:3)
  8 boggarts
  5 crocodiles
  3 big kobolds
  Blork the orc (Orc:2)
  A human simulacrum (Vaults:3)
  15 bullfrogs
  A water moccasin zombie (D:8)
  A yaktaur skeleton (Crypt:1)
  Dowan (D:5)
  A salamander skeleton (Crypt:2)
  6 scorpions
  19 killer bees
  5 wights
  6 howler monkeys
  5 crimson imps
  A bullfrog zombie (Crypt:2)
  4 centaur zombies
  3 quasits
  5 centaur skeletons
  5 hounds
  3 jellies
  A black bear zombie (Crypt:2)
  15 orc priests
  28 orc wizards
  Crazy Yiuf (D:4)
  An iron imp (Abyss:4)
  2 iguanas
  26 worker ants
  A killer bee zombie (D:8)
  2 tengu skeletons
  2 hound zombies
  9 mummies (Crypt:3)
  2 worker ant zombies
  10 gnolls
  A scorpion zombie (Crypt:1)
  12 adders
  5 shadow imps
  An ufetubus (Abyss:3)
  An ooze (D:7)
  3 adder skeletons
  2 adder zombies
  A worm (D:2)
  A leopard gecko (D:11)
  66 orcs
  17 bats
  7 giant cockroaches
  9 goblins
  4 hobgoblins
  22 jackals
  19 kobolds
  3 quokkas
  3 ball pythons
  3 frilled lizards
  A leopard gecko skeleton (Crypt:1)
  2 quokka skeletons
  9 rats
  A plant (Depths:1)
  3 starspawn tentacles
1060 creatures vanquished.

Vanquished Creatures (collateral kills)
  Mara (Crypt:2)
  2 greater mummies (Crypt:3)
  Boris (Vaults:2)
  A tentacled monstrosity (Abyss:4)
  3 tentacled starspawn
  2 sphinxes (Crypt:3)
  4 nagarajas (Snake:4)
  Donald (Vaults:3)
  A revenant (Crypt:2)
  2 deep elf sorcerers (Vaults:2)
  A fire giant (Depths:1)
  2 vault wardens (Vaults:1)
  A frost giant (D:15)
  Louise (Shoals:1)
  3 ironheart preservers
  5 very ugly things
  4 stone giants
  Nessos (Orc:2)
  A deep elf demonologist (Vaults:2)
  3 vampire knights
  An eidolon (Crypt:3)
  A deep elf death mage (Vaults:2)
  An ettin (Vaults:1)
  4 merfolk javelineers
  A merfolk impaler (Shoals:4)
  2 great orbs of eyes (Vaults:1)
  2 fire dragons
  A yaktaur captain (Vaults:2)
  11 naga warriors
  3 rakshasas
  A vault guard (D:14)
  7 hydras
  2 merfolk avatars
  A death knight (Vaults:3)
  3 satyrs (Shoals:4)
  7 two-headed ogres
  3 anacondas
  A merfolk aquamancer (Shoals:3)
  4 ogre magi
  A tengu warrior (D:15)
  6 centaur warriors
  An orc high priest (Orc:2)
  A vampire mage (Crypt:1)
  Urug (Lair:6)
  6 naga sharpshooters
  4 hell knights
  3 thrashing horrors (Abyss:3)
  A shock serpent (Snake:3)
  A spatial maelstrom (Abyss:4)
  2 wretched stars (Abyss:3)
  3 sea snakes
  5 skeletal warriors
  2 salamander mystics
  A shadow demon (Abyss:3)
  2 wizards
  4 deep trolls (Vaults:3)
  2 unseen horrors
  A shadow wraith (Crypt:2)
  3 flayed ghosts
  7 naga ritualists
  A harpy (Shoals:4)
  A harpy (shapeshifter) (Abyss:3)
  2 ironbrand convokers
  7 phantasmal warriors
  3 deep elf magi
  5 orc knights
  4 oklob plants (Lair:2)
  6 salamanders
  4 mana vipers
  An orb spider (Abyss:4)
  3 cyclopes
  7 manticores
  15 ugly things
  A fire giant zombie (Abyss:4)
  An orc sorcerer (Orc:2)
  5 elephants
  10 fauns
  4 vault sentinels
  2 water nymphs
  7 merfolk sirens
  2 guardian serpents
  13 naga magi
  A centaur zombie (D:11)
  14 black mambas
  2 spiny frogs
  2 smoke demons
  2 gargoyles
  A kobold demonologist (D:8)
  An alligator snapping turtle zombie (Crypt:1)
  A yellow draconian zombie (Crypt:2)
  A centaur skeleton (D:12)
  2 rime drakes (Lair:3)
  A komodo dragon (Lair:6)
  4 freezing wraiths
  6 yaktaurs
  17 merfolk
  A hydra zombie (Abyss:4)
  3 trolls
  A tengu conjurer (D:10)
  A guardian mummy (Crypt:3)
  A hornet (shapeshifter) (D:15)
  Prince Ribbit (D:5)
  7 raiju
  A bog body (Crypt:2)
  4 hornets
  17 blink frogs
  4 snapping turtles
  4 dream sheep
  4 hippogriffs
  A stone giant simulacrum (Vaults:1)
  2 slime creatures
  A meliai zombie (D:15)
  2 shadows (Crypt:3)
  6 spriggans
  Sigmund (D:4)
  A spriggan (shapeshifter) (Vaults:1)
  A tarantella (Vaults:1)
  7 water elementals
  15 yaks
  3 wraiths
  A chaos spawn (Abyss:4)
  A fire elemental (Lair:5)
  A basilisk (Lair:4)
  A steam dragon (D:13)
  A wind drake skeleton (Crypt:1)
  2 vampire mosquitoes
  21 nagas
  A warg (Vaults:1)
  3 spatial vortices (Abyss:4)
  An acid dragon (Vaults:1)
  9 large abominations
  2 porcupines
  2 water moccasins
  Duvessa (D:5)
  3 soldier ants (Lair:3)
  A floating eye (shapeshifter) (Vaults:2)
  27 orc warriors
  A sky beast (D:6)
  2 black bears (Lair:6)
  5 necrophages
  8 ogres
  An eye of draining (D:9)
  10 wolves
  6 centaurs
  3 boggarts
  9 big kobolds
  5 crocodiles
  2 small abominations (Abyss:4)
  2 scorpions
  21 killer bees
  An electric eel (D:15)
  2 howler monkeys
  A crimson imp (D:5)
  3 starcursed masses (Abyss:3)
  16 orc priests
  A jelly (D:8)
  4 hounds
  A bullfrog skeleton (D:5)
  2 iguanas (D:10)
  An iron imp (Abyss:3)
  17 orc wizards
  10 worker ants
  3 mummies (Crypt:3)
  An ancestor (D:7)
  A gnoll (D:8)
  A shadow imp (D:11)
  2 adder skeletons
  A leopard gecko (D:9)
  34 orcs
  A jackal (D:11)
  16 kobolds
  8 plants
  3 starspawn tentacles (Abyss:3)
  A withered plant (Crypt:3)
685 creatures vanquished.

Vanquished Creatures (others)
  A deep elf mage (Vaults:2)
  A vault sentinel (Vaults:2)
  A kobold demonologist (D:13)
  2 merfolk
  A fire bat (Abyss:4)
  A meliai (shapeshifter) (Abyss:4)
  A bog body (Crypt:2)
  A raiju (Abyss:3)
  A small abomination (Abyss:3)
  A killer bee (Lair:3)
  60 battlemagi
  11 ancestors
  25 fungi
  A lurking horror (Abyss:4)
  63 plants
  4 starspawn tentacles
  15 withered plants (Crypt:3)
190 creatures vanquished.

Grand Total: 1935 creatures vanquished

Notes
Turn   | Place    | Note
-------+----------+-------------------------------------------
     0 | D:1      | pljop the Demonspawn Gladiator began the quest for the Orb.
     0 | D:1      | Reached XP level 1. HP: 16/16 MP: 1/1
    38 | D:1      | Reached skill level 3 in Long Blades
   165 | D:1      | Gained mutation: You have large cloven feet. [demonic
                  | ancestry]
   165 | D:1      | Reached XP level 2. HP: 19/22 MP: 2/2
   593 | D:2      | Gained mutation: A weak demonic guardian rushes to your
                  | aid. [demonic ancestry]
   593 | D:2      | Reached XP level 3. HP: 27/27 MP: 3/3
   598 | D:2      | Reached skill level 4 in Long Blades
   814 | D:2      | Reached XP level 4. HP: 4/33 MP: 4/4
  1061 | D:2      | Found a burning altar of Makhleb.
  1189 | D:2      | Noticed an orc warrior
  1545 | D:3      | Reached skill level 5 in Long Blades
  1814 | D:3      | Reached XP level 5. HP: 28/38 MP: 5/5
  2908 | D:3      | Found a shadowy altar of Dithmenos.
  2908 | D:3      | Found a white marble altar of Elyvilon.
  3189 | D:4      | Reached skill level 6 in Long Blades
  3216 | D:4      | Noticed an ogre
  3225 | D:4      | Killed an ogre
  3225 | D:4      | Gained mutation: A demonic guardian rushes to your aid.
                  | [demonic ancestry]
  3225 | D:4      | Reached XP level 6. HP: 4/44 MP: 6/6
  3725 | D:4      | Found a runed translucent door.
  3726 | D:4      | Noticed Crazy Yiuf
  3802 | D:5      | Entered Level 5 of the Dungeon
  3866 | D:5      | Reached skill level 7 in Long Blades
  4078 | D:6      | Found a sparkling altar of Nemelex Xobeh.
  4094 | D:6      | Reached XP level 7. HP: 44/50 MP: 7/7
  4659 | D:7      | Reached skill level 8 in Long Blades
  5024 | D:7      | Found a staircase to the Ecumenical Temple.
  5044 | Temple   | Entered the Ecumenical Temple
  5074 | Temple   | Became a worshipper of Hepliaklqana the Forgotten
  5287 | D:7      | Noticed a hippogriff
  5294 | D:7      | Killed a hippogriff
  5294 | D:7      | Reached skill level 9 in Long Blades
  5294 | D:7      | Gained mutation: You have hoof-like feet. [demonic
                  | ancestry]
  5294 | D:7      | Reached XP level 8. HP: 33/50 MP: 8/8
  5607 | D:7      | Reached skill level 10 in Long Blades
  6247 | D:6      | Reached * piety under Hepliaklqana
  6827 | D:5      | Noticed Eustachio
  6832 | D:5      | Killed Eustachio
  6843 | D:5      | Noticed Ijyb
  6977 | D:4      | Reached skill level 11 in Long Blades
  6982 | D:4      | Gained mutation: Your flesh is cold resistant. (rC+)
                  | [demonic ancestry]
  6982 | D:4      | Reached XP level 9. HP: 48/54 MP: 9/9
  7029 | D:4      | Noticed Sigmund
  7044 | D:4      | Killed Sigmund
  7353 | D:4      | Killed Crazy Yiuf
  8222 | D:2      | Found a stormy altar of Qazlal.
  8609 | D:5      | Noticed Prince Ribbit
  8609 | D:5      | Noticed Dowan
  8618 | D:5      | Noticed Duvessa
  8624 | D:5      | Killed Prince Ribbit
  8629 | D:5      | Killed Duvessa
  8642 | D:5      | Killed Dowan
  9013 | D:5      | Reached skill level 12 in Long Blades
  9013 | D:5      | Reached skill level 1 in Armour
  9609 | D:8      | Found Miazy's Assorted Antiques.
 10257 | D:8      | Found Umorel's Armour Emporium.
 10271 | D:8      | Reached ** piety under Hepliaklqana
 10290 | D:8      | Reached skill level 5 in Armour
 10425 | D:9      | Noticed a green ugly thing
 10748 | D:8      | Noticed a kobold demonologist
 10760 | D:8      | Killed a kobold demonologist
 10760 | D:8      | Gained mutation: You are partially covered in icy blue
                  | scales. (AC +2) [demonic ancestry]
 10760 | D:8      | Reached XP level 10. HP: 58/63 MP: 10/10
 11655 | D:9      | Reached skill level 5 in Fighting
 11672 | D:9      | Killed a green ugly thing
 11883 | D:10     | Entered Level 10 of the Dungeon
 12126 | D:10     | Noticed a centaur warrior
 12126 | D:10     | Noticed a cyclops
 12126 | D:10     | Noticed a two-headed ogre
 12127 | D:10     | Noticed a centaur warrior
 12139 | D:10     | Killed a centaur warrior
 12139 | D:10     | Reached skill level 13 in Long Blades
 12143 | D:10     | Killed a two-headed ogre
 12147 | D:10     | Killed a cyclops
 12191 | D:10     | Killed a centaur warrior
 12195 | D:10     | Reached XP level 11. HP: 58/72 MP: 11/11
 12450 | D:10     | Got a wavering ruby amulet
 12615 | D:10     | Remembered your ancestor Sagil-Zimu as a battlemage
 12635 | D:10     | Reached skill level 14 in Long Blades
 13051 | D:10     | Found a staircase to the Orcish Mines.
 13246 | D:10     | Found a staircase to the Lair.
 13264 | D:10     | HP: 2/108 [orc warrior/+0 trident (16)]
 13645 | D:10     | Identified the amulet of the Heavens {Acrobat rElec Str+2
                  | SInv} (You found it on level 10 of the Dungeon)
 14016 | D:11     | Noticed a two-headed ogre
 14023 | D:11     | Killed a two-headed ogre
 14239 | D:11     | Noticed a two-headed ogre
 14251 | D:11     | Killed a two-headed ogre
 14317 | D:11     | Noticed a five-headed hydra
 14326 | D:11     | Killed a five-headed hydra
 14383 | D:11     | Noticed a brown ugly thing
 14385 | D:11     | Noticed a brown ugly thing
 14390 | D:11     | Killed a brown ugly thing
 14392 | D:11     | Killed a brown ugly thing
 14589 | D:11     | Found Tirun's Jewellery Boutique.
 14652 | D:11     | Noticed a seven-headed hydra
 14658 | D:11     | Noticed a two-headed ogre
 14666 | D:11     | Killed a seven-headed hydra
 14670 | D:11     | Killed a two-headed ogre
 14927 | D:11     | Reached *** piety under Hepliaklqana
 14927 | D:11     | Noticed a two-headed ogre
 14943 | D:11     | Killed a two-headed ogre
 15049 | D:11     | Reached XP level 12. HP: 81/81 MP: 12/12
 16315 | D:12     | Noticed an eight-headed hydra
 16372 | D:12     | Killed an eight-headed hydra
 16815 | D:12     | Found a runed translucent door.
 16816 | D:12     | Noticed an ettin
 16816 | D:12     | Noticed a crystal guardian
 17996 | D:13     | Noticed a centaur warrior
 18004 | D:13     | Killed a centaur warrior
 18892 | D:13     | Noticed a centaur warrior
 18905 | D:13     | Killed a centaur warrior
 18905 | D:13     | Reached skill level 1 in Crossbows
 19014 | D:13     | Reached **** piety under Hepliaklqana
 19314 | Lair:1   | Entered Level 1 of the Lair of Beasts
 19384 | Lair:1   | Reached skill level 10 in Fighting
 19468 | Lair:1   | Noticed a seven-headed hydra
 19480 | Lair:1   | Killed a seven-headed hydra
 20161 | Lair:2   | Gained mutation: You are robust. (+10% HP) [demonic
                  | ancestry]
 20161 | Lair:2   | Reached XP level 13. HP: 62/103 MP: 15/15
 20181 | Lair:2   | Reached skill level 15 in Long Blades
 20545 | Lair:2   | Reached ***** piety under Hepliaklqana
 20627 | Lair:2   | Found a staircase to the Shoals.
 20686 | Lair:2   | Found a staircase to the Snake Pit.
 21444 | Lair:3   | Reached skill level 5 in Crossbows
 21836 | Lair:4   | Found a glowing silver altar of Zin.
 23287 | Lair:5   | Found a runed translucent door.
 23289 | Lair:5   | Found a viscous altar of Jiyva.
 23298 | Lair:5   | Noticed an acid blob
 23299 | Lair:5   | Found a staircase to the Slime Pits.
 23299 | Lair:5   | Noticed an acid blob
 23738 | Lair:3   | Got a distressingly furry plate armour
 23767 | Lair:4   | Identified the +5 plate armour of the Good {*Corrode +Fly
                  | rN++ Int+3} (You found it on level 3 of the Lair of Beasts)
 23816 | Lair:3   | Reached skill level 16 in Long Blades
 23973 | Lair:3   | Gained mutation: You have hooves in place of feet. [demonic
                  | ancestry]
 23973 | Lair:3   | Reached XP level 14. HP: 47/110 MP: 14/16
 24536 | Lair:3   | Got a flickering pewter ring
 25683 | D:13     | Upgraded the game from 0.25-a0-719-gde951dce62 to
                  | 0.25-a0-729-g14964f1db5
 25709 | D:14     | Reached skill level 17 in Long Blades
 26208 | D:14     | Found a gate to the Vaults.
 26271 | D:15     | Entered Level 15 of the Dungeon
 26348 | D:15     | Identified the ring of Hipsuttengu {Fire rN+ Dex+5 Slay-6}
                  | (You found it on level 3 of the Lair of Beasts)
 26478 | D:15     | Reached ****** piety under Hepliaklqana
 26561 | D:15     | Noticed Rupert
 26567 | D:15     | Killed Rupert
 27037 | D:15     | Found a staircase to the Depths.
 27037 | D:15     | Noticed a frost giant
 27043 | D:15     | Killed a frost giant
 27043 | D:15     | Reached skill level 18 in Long Blades
 27512 | Orc:1    | Entered Level 1 of the Orcish Mines
 28156 | Orc:1    | Found a roughly hewn altar of Beogh.
 28159 | Orc:1    | Noticed an orc warlord
 28785 | D:9      | Found an ornate altar of the Wu Jian Council.
 28907 | D:10     | Killed an orc warlord
 29418 | Orc:2    | Entered Level 2 of the Orcish Mines
 29418 | Orc:2    | Found Kokkaodgh's Gadget Shoppe.
 29421 | Orc:2    | Found a roughly hewn altar of Beogh.
 29423 | Orc:2    | Noticed Nessos
 29435 | Orc:2    | Killed Nessos
 30042 | Orc:2    | Noticed Blork the orc
 30055 | Orc:2    | Killed Blork the orc
 30060 | Orc:2    | Reached XP level 15. HP: 80/115 MP: 18/18
 30399 | Orc:2    | Noticed Saint Roka
 30422 | Orc:2    | HP: 1/115 [Saint Roka/divine providence (17)]
 30429 | Orc:2    | HP: 2/115 [Saint Roka/divine providence (9)]
 30877 | Orc:2    | Found a staircase to the Elven Halls.
 31080 | Orc:2    | Killed Saint Roka
 31445 | Orc:2    | Noticed Maurice
 31454 | Orc:2    | Killed Maurice
 31525 | Orc:2    | Found a roughly hewn altar of Beogh.
 31529 | Orc:2    | Found Faydoiq's Antique Weapon Shop.
 31580 | Orc:2    | Found Kuajokoru's General Store.
 31622 | Orc:2    | Bought a scroll of blinking for 120 gold pieces
 31622 | Orc:2    | Bought a scroll of identify for 32 gold pieces
 31630 | Orc:2    | Found Jinovi's Jewellery Shop.
 31781 | Orc:2    | Found Munnep's Antique Armour Shop.
 32056 | Shoals:1 | Entered Level 1 of the Shoals
 32208 | Shoals:1 | Noticed Louise
 32225 | Shoals:1 | Killed Louise
 32421 | Shoals:1 | Found a frozen archway.
 33372 | Shoals:2 | Reached skill level 19 in Long Blades
 33544 | Shoals:2 | Reached skill level 10 in Armour
 34227 | Snake:1  | Entered Level 1 of the Snake Pit
 36131 | Snake:2  | Gained mutation: You are very robust. (+20% HP) [demonic
                  | ancestry]
 36131 | Snake:2  | Reached XP level 16. HP: 90/134 MP: 19/19
 37202 | Snake:2  | Identified the Incunabulum of Cloudy Enchantment
 37476 | Snake:2  | Found a runed translucent door.
 37477 | Snake:2  | Found a shimmering altar of Xom.
 37477 | Snake:2  | Noticed Gygeysk's ghost (adept GnTm)
 38024 | Snake:2  | Reached skill level 20 in Long Blades
 38061 | Snake:2  | You fall into a shaft and drop 1 floor!
 38941 | Snake:4  | Entered Level 4 of the Snake Pit
 39365 | Snake:4  | Found a gateway to a bazaar.
 39388 | Bazaar   | Entered a bazaar
 39421 | Bazaar   | Found Amauf's Jewellery Emporium.
 39428 | Bazaar   | Bought an uncursed ring of positive energy for 160 gold
                  | pieces
 39451 | Bazaar   | Found Mannec's Assorted Antiques.
 39456 | Bazaar   | Bought a scroll of fear for 70 gold pieces
 39456 | Bazaar   | Bought a scroll of blinking for 150 gold pieces
 39471 | Bazaar   | Found Sote's Antique Weapon Shoppe.
 39500 | Bazaar   | Found Ymur's Weapon Emporium.
 39553 | Bazaar   | Found Orroshre's Book Shoppe.
 39678 | Snake:4  | Found Vilyh's Gadget Boutique.
 39680 | Snake:4  | Found Doyras's Jewellery Shoppe.
 39681 | Snake:4  | Found Qyiriwk's Gadget Boutique.
 39931 | Lair:6   | Entered Level 6 of the Lair of Beasts
 40377 | Lair:6   | Noticed Urug
 40391 | Lair:6   | Killed Urug
 41098 | Lair:6   | Noticed Sonja
 41104 | Lair:6   | Killed Sonja
 42711 | Snake:4  | Gained mutation: You are immune to freezing clouds.
                  | [demonic ancestry]
 42711 | Snake:4  | Reached XP level 17. HP: 86/144 MP: 20/20
 44920 | Snake:4  | Got a serpentine rune of Zot
 45401 | Depths:1 | Entered Level 1 of the Depths
 45485 | Depths:1 | Reached skill level 10 in Crossbows
 45485 | Depths:1 | Reached skill level 5 in Invocations
 45498 | Depths:1 | Found Vefij's General Store.
 45499 | Depths:1 | Found Itypsyn's Jewellery Emporium.
 45499 | Depths:1 | Found Cubas's General Store.
 45505 | Depths:1 | Found Xelei's Antique Armour Shoppe.
 46298 | D:15     | Identified a scroll of acquirement
 46301 | D:15     | Identified the +4 kite shield of Love and Death {rElec
                  | SInv} (You acquired it on level 15 of the Dungeon)
 47805 | Shoals:4 | Entered Level 4 of the Shoals
 48126 | Shoals:3 | Reached skill level 21 in Long Blades
 48152 | Shoals:3 | Identified the cursed +1 ring mail of Depression {Str+2}
 48595 | Shoals:3 | Found Maogig's Antique Weapon Shoppe.
 49978 | Shoals:4 | Got a barnacled rune of Zot
 50016 | Shoals:4 | Gained mutation: A powerful demonic guardian rushes to your
                  | aid. [demonic ancestry]
 50016 | Shoals:4 | Reached XP level 18. HP: 153/155 MP: 21/21
 50460 | Shoals:4 | Identified the +3 mace of Trauma {flame, rN++ Str+4 Int+2
                  | Stlth-}
 50871 | Shoals:4 | Found a runed translucent door.
 51156 | Shoals:4 | Identified the ring "Imext" {*Drain +Fly Str+3 Int+6 Dex+3}
 51665 | Vaults:1 | Entered Level 1 of the Vaults
 53171 | Vaults:1 | Reached skill level 22 in Long Blades
 53200 | Vaults:1 | HP: 6/157 [harpy (3)]
 54293 | Vaults:2 | Found a huge runed gate.
 54293 | Vaults:2 | Found a huge runed gate.
 54293 | Vaults:2 | Found a huge runed gate.
 54293 | Vaults:2 | Found a huge runed gate.
 54293 | Vaults:2 | Found a huge runed gate.
 54293 | Vaults:2 | Found a huge runed gate.
 54293 | Vaults:2 | Found a huge runed gate.
 54294 | Vaults:2 | Found a huge runed gate.
 54294 | Vaults:2 | Found a huge runed gate.
 54294 | Vaults:2 | Found a huge runed gate.
 54295 | Vaults:2 | Found a huge runed gate.
 54295 | Vaults:2 | Found a huge runed gate.
 54296 | Vaults:2 | Found a huge runed gate.
 54297 | Vaults:2 | Found a huge runed gate.
 54298 | Vaults:2 | Found a huge runed gate.
 55137 | Vaults:2 | Noticed Boris
 55151 | Vaults:2 | Killed Boris
 55169 | Vaults:2 | Reached skill level 23 in Long Blades
 55721 | Vaults:2 | Reached XP level 19. HP: 108/163 MP: 22/22
 56025 | Vaults:2 | Found a huge runed gate.
 56025 | Vaults:2 | Found a huge runed gate.
 56025 | Vaults:2 | Found a huge runed gate.
 56025 | Vaults:2 | Found a huge runed gate.
 56025 | Vaults:2 | Found a huge runed gate.
 56025 | Vaults:2 | Found a huge runed gate.
 56026 | Vaults:2 | Found a huge runed gate.
 56026 | Vaults:2 | Found a huge runed gate.
 56028 | Vaults:2 | Found a huge runed gate.
 56028 | Vaults:2 | Found a huge runed gate.
 56029 | Vaults:2 | Found a huge runed gate.
 56030 | Vaults:2 | Found a huge runed gate.
 56031 | Vaults:2 | Found a huge runed gate.
 56039 | Vaults:2 | Found a huge runed gate.
 56039 | Vaults:2 | Found a huge runed gate.
 56039 | Vaults:2 | Found a huge runed gate.
 56039 | Vaults:2 | Found a huge runed gate.
 56039 | Vaults:2 | Found a huge runed gate.
 56039 | Vaults:2 | Found a huge runed gate.
 56039 | Vaults:2 | Found a huge runed gate.
 56040 | Vaults:2 | Found a huge runed gate.
 56498 | Vaults:2 | Found a runed translucent gate.
 56498 | Vaults:2 | Found a runed translucent gate.
 56498 | Vaults:2 | Found a runed translucent gate.
 56743 | Vaults:2 | Noticed Lofupn's ghost (adept SpEn)
 56848 | Vaults:3 | Reached skill level 24 in Long Blades
 57291 | Vaults:3 | Noticed a bone dragon
 57298 | Vaults:3 | Killed a bone dragon
 57654 | Vaults:3 | Noticed Donald
 57668 | Vaults:3 | Killed Donald
 57867 | Vaults:3 | Found Xufrodul's General Store.
 57875 | Vaults:3 | Bought a potion of curing for 45 gold pieces
 59046 | Vaults:3 | Found Duicw's Gadget Emporium.
 59227 | Vaults:3 | Found a staircase to the Crypt.
 59306 | Crypt:1  | Entered Level 1 of the Crypt
 60014 | Crypt:2  | Noticed Mara
 60036 | Crypt:2  | Noticed pljop's illusion
 60760 | Crypt:2  | Paralysed by a vampire knight for 6 turns
 60792 | Crypt:2  | Gained mutation: You are mostly covered in icy blue scales.
                  | (AC +3) [demonic ancestry]
 60792 | Crypt:2  | Reached XP level 20. HP: 119/171 MP: 24/24
 60880 | Crypt:2  | Noticed pljop's illusion
 60884 | Crypt:2  | Killed Mara
 61641 | Crypt:2  | Noticed Frederick
 61704 | Crypt:2  | Killed Frederick
 62078 | Crypt:3  | Entered Level 3 of the Crypt
 62537 | Crypt:3  | Got scorched quicksilver dragon scales
 62548 | Crypt:3  | Identified the cursed quicksilver dragon scales of Ucwec
                  | {rPois rF+++ MR+ Slay-4 Stlth-} (You found it on level 3 of
                  | the Crypt)
 62550 | Crypt:3  | Got a flickering silver ring
 62552 | Crypt:3  | Identified the ring of Ycseakos {rN+ Dex+4} (You found it
                  | on level 3 of the Crypt)
 62554 | Crypt:3  | Got a twitching jade ring
 62556 | Crypt:3  | Identified the ring "Ziev" {*Slow rN+ MR+ SInv} (You found
                  | it on level 3 of the Crypt)
 62558 | Crypt:3  | Got a wavering steel ring
 62560 | Crypt:3  | Identified the ring of Uffaorax {rN+ Str+6 Stlth+} (You
                  | found it on level 3 of the Crypt)
 62667 | Crypt:3  | Paralysed by a sphinx for 3 turns
 62688 | Crypt:3  | Found a staircase to the Tomb.
 63197 | Crypt:3  | Got a serpentine lapis lazuli ring
 63216 | Crypt:3  | Identified the ring "Weitramm" {+Fly rF+ Int+2} (You found
                  | it on level 3 of the Crypt)
 63382 | Crypt:3  | Reached skill level 25 in Long Blades
 63586 | Crypt:3  | Found an ancient bone altar of Kikubaaqudgha.
 63586 | Crypt:3  | Noticed an ancient lich
 63606 | Crypt:3  | Killed an ancient lich
 63667 | Crypt:3  | Noticed Khufu
 63675 | Crypt:3  | Noticed a greater mummy
 63677 | Crypt:3  | Killed Khufu
 63687 | Crypt:3  | Noticed a greater mummy
 64283 | Crypt:3  | Killed a greater mummy
 64403 | Crypt:3  | Killed a greater mummy
 64411 | Crypt:3  | HP: 8/173 [reaper/+2 scythe of freezing[a greater mummy's
                  | death curse] (1)]
 64928 | Crypt:3  | Cast into level 3 of the Abyss (a lich)
 65171 | Abyss:3  | Reached XP level 21. HP: 73/181 MP: 25/25
 65705 | Abyss:4  | Reached skill level 26 in Long Blades
 65946 | Abyss:4  | Killed from afar by a hellephant

Levels and vault maps discovered:
D:1:      heliophobic_arrival_enchanted_forest, layout_basic,
          minmay_tetromino_t2
D:2:      layout_loops_ring, bloody_makhleb, nicolae_qazlal_eye_of_the_storm,
          first_ration
D:3:      layout_basic, gammafunk_temple_overflow_statue, roderic_batcave
D:4:      layout_layer_cave, uniq_sigmund, uniq_crazy_yiuf_cottage
D:5:      minmay_chambers_of_fours, layout_loops_ring, uniq_duvessa,
          uniq_eustachio, uniq_ijyb, uniq_prince_ribbit1
D:6:      layout_layer_cave, lemuel_crystal_altar
D:7:      layout_basic, minmay_temple_entry_ruins, the_bakery, st_stairs_8
D:8:      layout_basic, special_room [special_room_kobold], serial_shops,
          nicolae_shop_statue_plus, shop, minmay_misc_feat_encased
D:9:      layout_roguey, lemuel_coloured_pillars_altar
D:10:     minmay_the_grid_triangle_9x9_recursive_2_mashed
          [minmay_the_grid_triangle_9x9_prize_top_heavy,
          minmay_the_grid_triangle_9x9_cache,
          minmay_the_grid_triangle_9x9_limited_checkers,
          minmay_the_grid_triangle_9x9_sparse_checkered], layout_loops_ring,
          grunt_lair_entry_orc_guard_hut, kennysheep_nondescript
D:11:     minmay_quarter_circles, layout_basic, serial_shops, shop_statue,
          gauntlet_entry_generic
D:12:     minmay_recursive_quarters, layout_cave_pools, drop_trap,
          minmay_misc_feat_nine_boxes, minmay_hidden_floor
D:13:     layout_long_grid
D:14:     layout_roguey, david_vaults_4, nrook_mini_vaults
D:15:     grunt_enter_depths_snipers, layout_stronghold, serial_glass,
          glass_columns_c, glass_columns_a, due_unseen_surprise,
          feat_on_display, minmay_strange_pillars, item_on_display_a,
          serial_bayou_lake_a, uniq_rupert
Temple:   regret_index_temple_sphere_string
Lair:1:   layout_roguey, serial_bayou_shore_b, grunt_megastairs_5
Lair:2:   layout_cave_shapes, shoals_dummy_entry,
          minmay_snake_entry_guardpost_medium, chequers_serial_rivers_marsh,
          minmay_lair_oklob_chamber, serial_bayou_shore_b
Lair:3:   regret_index_bee_streams, layout_cave_shapes, minmay_another_anthill
Lair:4:   layout_cave_pods, basic_altar
Lair:5:   layout_gridlike, slime_altar_2, st_stairs_11
Lair:6:   minmay_lair_end_enchanted_forest, layout_loops_ring, uniq_urug,
          uniq_sonja
Shoals:1: layout_shoals, portal_ice_cave_entry_pillars_three, uniq_louise
Shoals:2: layout_shoals
Shoals:3: layout_shoals, serial_shops, nicolae_shop_stone
Shoals:4: shoals_end_grunt_garden, layout_shoals, lightli_airlock
Snake:1:  layout_misc_corridors, grunt_megastairs_3, lemuel_fruit_tree
Snake:2:  layout_chambers, ebering_ghost_xom
Snake:3:  layout_gridlike, hangedman_corner_corridor
Snake:4:  snake_pit, layout_layer_cave, serial_shops, bzr_entry_water,
          grunt_ministairs_12, minmay_shop_grove
Orc:1:    layout_diamond_mine, basic_altar
Orc:2:    grunt_orc_cross, layout_caves, serial_shops, shop, basic_altar,
          mines4_lemuel, uniq_saint_roka, uniq_maurice, uniq_nessos
Vaults:1: v_alt_pattern_2, v_misc_30, vaults_room_grid, vaults_room_fancy_cross,
          nicolae_vaults_little_ls, v_misc_18, v_misc_22, v_misc_15,
          nicolae_vaults_ring_of_whatevers, st_quartered_hall,
          vaults_mumra_minichess_inversion, v_misc_8,
          nicolae_vaults_three_branches, ontoclasm_vaults_fault,
          layout_vaults_maze_snakey
Vaults:2: gammafunk_vaults_ghost_necromancy, vaults_door_vault,
          hangedman_vaults_river_flow, v_misc_4, ontoclasm_vaults_ring_small,
          vaults_mumra_minichess, v_misc_9, vaults_dpeg_diagonal,
          nicolae_vaults_alarming, ontoclasm_vaults_gateway,
          vaults_room_corners, layout_vaults_big_room, uniq_boris
Vaults:3: vaults_room_grid, minmay_crypt_entry_nasty_monster, v_misc_25,
          hangedman_vaults_corner_blocks, vaults_room_hangedman_quadrants,
          nicolae_vaults_network_s, hangedman_vaults_capsules, v_misc_3,
          vaults_room_mumra_shop_pool, nicolae_vaults_little_squares_6,
          nicolae_vaults_border_crossing, layout_vaults_omnicross, serial_shops,
          nicolae_shop_statue_plus, uniq_donald
Crypt:1:  layout_gridlike
Crypt:2:  layout_rooms, serial_sigils_hangedman_gnaw, uniq_mara, uniq_frederick
Crypt:3:  quadcrypt_mu, uniq_khufu
Depths:1: layout_gridlike, enter_ziggurat_c, pf_vacation_house_of_asmodeus,
          minmay_misc_feat_room, drop_trap, horrible_house_mu, minmay_shoptagon
Abyss:4:  base: Vaults:3, due_evilmike_abyss_rune_seething_liches

Skill      XL: |  1  2  3  4  5  6  7  8  9 10 11 12 13 14 15 16 17 18 19 20 21 |
---------------+----------------------------------------------------------------+-----
Long Blades    | 3 4 5 6 7 9 11 12 13 14 16 18 19 20 21 23 24 25 26 | 26.3
Armour         | 5 9 11 12 13 14 | 14.0
Fighting       | 3 5 7 10 11 12 13 14 | 14.0
Dodging        | 3 4 |  4.0
Invocations    | 2 4 5 6 |  6.0
Crossbows      | 3 7 8 9 10 12 | 12.0
Throwing       | |  1.7

Action                   |  1- 3 |  4- 6 |  7- 9 | 10-12 | 13-15 | 16-18 | 19-21 || total
-------------------------+-------+-------+-------+-------+-------+-------+-------++-------
Melee: Long sword        |    62 |   183 |   412 |   608 |   395 |       |       ||  1660
       Kick              |    18 |    62 |   150 |   251 |   413 |   437 |   440 ||  1771
       Great sword       |       |       |       |       |   652 |   558 |       ||  1210
       Triple sword      |       |       |       |       |       |   467 |   915 ||  1382
 Fire: Arbalest          |       |       |       |    12 |    35 |   189 |     6 ||   242
Throw: Stone             |     3 |    66 |    47 |    17 |       |       |       ||   133
       Throwing net      |     3 |     1 |       |       |       |       |       ||     4
       Dart              |       |       |       |    18 |    40 |     1 |       ||    59
Invok: Recall Ancestor   |       |       |     5 |     2 |     2 |     9 |     6 ||    24
       Ancestor Identity |       |       |     1 |       |       |       |       ||     1
       Ancestor Life: Ba |       |       |       |     1 |       |       |       ||     1
       Idealise          |       |       |       |       |     6 |    10 |     2 ||    18
       Transference      |       |       |       |       |       |     1 |     2 ||     3
 Abil: Evoke Berserk Rag |       |       |       |     1 |       |       |       ||     1
Evoke: Wand              |       |       |       |     2 |       |       |       ||     2
  Use: Scroll            |       |       |     3 |    18 |    20 |    18 |    16 ||    75
       Potion            |       |       |       |       |     5 |     5 |     5 ||    15
 Stab: Held in net/web   |       |     1 |       |       |       |       |       ||     1
       Distracted        |       |     2 |     1 |     9 |    15 |    11 |    20 ||    58
       Paralysed         |       |       |       |     4 |       |       |       ||     4
       Confused          |       |       |       |       |       |     1 |       ||     1
  Eat: Chunk             |       |    10 |    22 |    30 |    39 |    32 |    17 ||   150
       Ration            |       |       |       |       |     4 |     9 |     5 ||    18
Armor: Leather armour    |    11 |       |       |       |       |       |       ||    11
       Scale mail        |    20 |    88 |   157 |   134 |       |       |       ||   399
       Plate armour      |       |       |       |    56 |   499 |   582 |   216 ||  1353
       Chain mail        |       |       |       |    43 |       |       |       ||    43
       Gold dragon scale |       |       |       |       |       |       |   244 ||   244
Dodge: Dodged            |    37 |   129 |   202 |   343 |   631 |   746 |   467 ||  2555
       Deflected         |       |       |     9 |    20 |    62 |   154 |    11 ||   256
       Rpst.: Long sword |    13 |    36 |    60 |    87 |    49 |       |       ||   245
       Great sword       |       |       |       |       |    88 |    89 |       ||   177
       Triple sword      |       |       |       |       |       |    64 |    92 ||   156

Table legend:
 A = Non-vault XP
 B = Vault XP
 C = Vault XP percentage of total XP
 D = Non-vault monster count
 E = Vault monster count
 F = Vault count percentage of total count
                 A         B        C        D         E       F
            +---------+---------+-------+---------+---------+-------
      Total |  377998 |  249950 |  39.8 |    1178 |     550 |  31.8
            +---------+---------+-------+---------+---------+-------
        D:1 |      27 |       2 |   6.9 |      15 |       1 |   6.2
        D:2 |     284 |       0 |   0.0 |      24 |       0 |   0.0
        D:3 |     194 |      13 |   6.3 |      43 |       7 |  14.0
        D:4 |     367 |     259 |  41.4 |      19 |       2 |   9.5
        D:5 |     671 |     512 |  43.3 |      23 |       7 |  23.3
        D:6 |     511 |       0 |   0.0 |      22 |       0 |   0.0
        D:7 |    1088 |     274 |  20.1 |      29 |       2 |   6.5
        D:8 |    1431 |     831 |  36.7 |      39 |      20 |  33.9
        D:9 |    1208 |       0 |   0.0 |      15 |       0 |   0.0
       D:10 |    3993 |    3874 |  49.2 |      34 |      22 |  39.3
       D:11 |    5406 |    4673 |  46.4 |      41 |      26 |  38.8
       D:12 |    3068 |    2403 |  43.9 |      27 |       7 |  20.6
       D:13 |    6233 |       0 |   0.0 |      40 |       0 |   0.0
       D:14 |    9071 |    2426 |  21.1 |      32 |       4 |  11.1
       D:15 |    6181 |    5257 |  46.0 |      16 |       4 |  20.0
     Lair:1 |    2124 |     465 |  18.0 |       9 |       3 |  25.0
     Lair:2 |    1335 |    3034 |  69.4 |       6 |      13 |  68.4
     Lair:3 |    8504 |    7842 |  48.0 |      29 |      68 |  70.1
     Lair:4 |    4192 |       0 |   0.0 |      14 |       0 |   0.0
     Lair:5 |    6341 |     663 |   9.5 |      22 |       3 |  12.0
     Lair:6 |    6910 |   10837 |  61.1 |      29 |      51 |  63.8
   Shoals:1 |    5956 |    1303 |  18.0 |      15 |       1 |   6.2
   Shoals:2 |    8001 |       0 |   0.0 |      18 |       0 |   0.0
   Shoals:3 |   16722 |     757 |   4.3 |      38 |       1 |   2.6
   Shoals:4 |   17175 |   13422 |  43.9 |      36 |      25 |  41.0
    Snake:1 |   15480 |    1909 |  11.0 |      33 |       2 |   5.7
    Snake:2 |   24281 |       0 |   0.0 |      53 |       0 |   0.0
    Snake:3 |    6258 |     661 |   9.6 |      14 |       1 |   6.7
    Snake:4 |   14191 |   30397 |  68.2 |      31 |      50 |  61.7
      Orc:1 |    3257 |     307 |   8.6 |      46 |       1 |   2.1
      Orc:2 |    1508 |   12256 |  89.0 |      27 |      46 |  63.0
   Vaults:1 |   11897 |   27998 |  70.2 |      31 |      43 |  58.1
   Vaults:2 |   29110 |   15037 |  34.1 |      42 |      19 |  31.1
   Vaults:3 |   34790 |   22797 |  39.6 |      64 |      28 |  30.4
    Crypt:1 |   10170 |       0 |   0.0 |      16 |       0 |   0.0
    Crypt:2 |   33463 |   10539 |  24.0 |      52 |       2 |   3.7
    Crypt:3 |       0 |   64005 | 100.0 |       0 |      83 | 100.0
   Depths:1 |   16035 |    5001 |  23.8 |      19 |       7 |  26.9
    Abyss:3 |   32178 |       0 |   0.0 |      64 |       0 |   0.0
    Abyss:4 |   28387 |     196 |   0.7 |      51 |       1 |   1.9
            +---------+---------+-------+---------+---------+-------
